 Dungeon Crawl Stone Soup version 0.23-a0-577-g2b1de94 (webtiles) character file.

14562 MalarOregon the Nimble (level 12, 0/94 HPs)
             Began as a Merfolk Transmuter on Dec 14, 2018.
             Was a Priest of Elyvilon.
             Killed by divine providence
             ... invoked by a smoke demon
             ... summoned by an orc high priest
              (9 damage)
             ... on level 2 of the Orcish Mines.
             The game lasted 00:33:14 (14602 turns).

MalarOregon the Nimble (Merfolk Transmuter)        Turns: 14602, Time: 00:33:15

Health: 0/94       AC:  3    Str: 14    XL:     12   Next: 17%
Magic:  14/16      EV: 48    Int: 13    God:    Elyvilon [***...]
Gold:   445        SH:  0    Dex: 25    Spells: 2/17 levels left

rFire    . . .     SeeInvis .     - Unarmed
rCold    . . .     Gourm    .   (shield currently unavailable)
rNeg     . . .     Faith    .   (armour currently unavailable)
rPois    x         Spirit   .   (helmet currently unavailable)
rElec    .         Reflect  .   (cloak currently unavailable)
rCorr    .         Harm     .   (gloves currently unavailable)
MR       .....                  (boots currently unavailable)
Stlth    +++.......             (no amulet)
HPRegen  0.25/turn              n - +1 ring of protection
MPRegen  0.15/turn              y - +6 ring of evasion

@: agile, spider-form, studying Dodging
A: tiny, (change form in water), (swift swim), (stealthy swim)
a: End Transformation, Lesser Healing, Heal Other, Purification, Divine
Protection, Renounce Religion


You were on level 2 of the Orcish Mines.
You worshipped Elyvilon.
Elyvilon was most pleased with you.
You were hungry.
You were a venomous arachnid creature.
You visited 4 branches of the dungeon, and saw 15 of its levels.
You also visited: Sewer.

You collected 1093 gold pieces.
You spent 648 gold pieces at shops.

Inventory:

Hand Weapons
 o - a +0 spear
   (You found it on level 3 of the Dungeon)
 D - a +0 trident
   (You took it off an orc warrior on level 2 of the Orcish Mines)
Missiles
 a - 92 arrows
 u - a throwing net (quivered) {!f}
Armour
 w - a +2 robe of magic resistance (melded)
   (You bought it in a shop on level 7 of the Dungeon)
 z - a +0 pair of gloves (melded)
   (You found it on level 1 of the Lair of Beasts)
 A - a +0 cloak (melded)
   (You found it on level 8 of the Dungeon)
 G - a +1 hat (melded)
   (You found it on level 10 of the Dungeon)
 H - +1 steam dragon scales
   (You found it on level 10 of the Dungeon)
Magical Staves
 v - an uncursed staff of poison
   (You found it on level 5 of the Dungeon)
Jewellery
 j - an uncursed ring of ice
   (You found it on level 1 of the Dungeon)
 n - a +1 ring of protection (left front leg)
   (You found it on level 3 of the Dungeon)
 y - a +6 ring of evasion (right front leg)
   (You found it on level 8 of the Dungeon)
Wands
 d - a wand of iceblast (15)
   (You found it on level 3 of the Dungeon)
Scrolls
 c - 2 scrolls of fear {unknown}
 f - 2 scrolls of immolation {unknown}
 g - 8 scrolls of remove curse {@r2}
 h - 10 scrolls of identify {@r1}
 i - 6 scrolls of teleportation {@r4}
 l - 5 scrolls of magic mapping
 p - 2 scrolls of random uselessness {unknown}
 r - 2 scrolls of enchant armour
 B - a scroll of blinking {unknown}
 E - a scroll of fog {unknown}
 I - a scroll of amnesia {unknown}
 J - a scroll of noise {unknown}
Potions
 b - 2 potions of haste {@q3}
 k - a potion of mutation {unknown}
 m - 2 potions of curing {unknown}
 q - 2 potions of flight {unknown}
 t - 2 potions of agility
 x - a potion of lignification {unknown}
 C - a potion of degeneration {unknown}
 F - 2 potions of invisibility {unknown}
 K - 2 potions of cancellation {unknown}
Books
 s - a manual of Dodging {!d}
   (You found it in a sewer)
Comestibles
 e - 15 rations {!d}


   Skills:
 + Level 8.6 Fighting
 + Level 10.7 Polearms
 * Level 14.5 Dodging
 - Level 12.0 Unarmed Combat
 - Level 3.0 Spellcasting
 - Level 7.0 Transmutations
 - Level 5.0 Ice Magic
 - Level 5.0 Poison Magic


You had 2 spell levels left.
You knew the following spells:

 Your Spells              Type           Power        Failure   Level  Hunger
a - Beastly Appendage     Tmut           ###...       6%          1    #......
b - Blade Hands           Tmut           ###.......   56%         5    ######.
c - Ice Form              Ice/Tmut       ###.....     38%         4    #####..
s - Sticks to Snakes      Tmut           ###.....     8%          2    ###....
x - Spider Form           Tmut/Pois      ###.......   17%         3    ###....

Your spell library contained the following spells:

 Spells                   Type           Power        Failure   Level  Hunger
 Freeze                   Ice            ###.         11%         1    #......
 Throw Frost              Conj/Ice       #.....       28%         2    ###....
 Ozocubu's Armour         Chrm/Ice       #.......     45%         3    ###....
 Summon Ice Beast         Ice/Summ       #.......     82%         4    #####..
 Throw Icicle             Conj/Ice       #.......     82%         4    #####..


Dungeon Overview and Level Annotations

Branches:
Dungeon (11/15)            Temple (1/1) D:5            Lair (1/6) D:9
    Orc (2/2) D:10            Elf (0/3) Orc:2

Altars:
Ashenzari
Cheibriados
Dithmenos
Elyvilon
Fedhas
Gozag
Hepliaklqana
Kikubaaqudgha
Makhleb
Nemelex Xobeh
Okawaru
Qazlal
Ru
Sif Muna
Trog
Uskayaw
Vehumet
Wu Jian
Xom
Yredelemnul
Zin
The Shining One
Beogh

Shops:
D:4 }   D:7 *[([[   D:10 *


Message History

The orc high priest hits you with a +0 flail.
You hit the orc high priest.
The orc high priest is poisoned.
The sun demon completely misses you. The neqoxec completely misses you.
The smoke demon gestures at you. The ball of steam misses you.
The orc priest completely misses you.
You bite the orc high priest!
You are engulfed in a cloud of scalding steam.
The sun demon completely misses you.
The orc high priest completely misses you.
The neqoxec hits you! The smoke demon gestures at you.
The ball of steam hits you!
* * * LOW HITPOINT WARNING * * *
Okay, then.
Okay, then.
You hit the orc priest but do no damage.
You are engulfed in a cloud of scalding steam.
* * * LOW HITPOINT WARNING * * *
The orc priest completely misses you. The sun demon completely misses you.
You feel agile all of a sudden.
You are engulfed in a cloud of scalding steam.
* * * LOW HITPOINT WARNING * * *
The neqoxec gestures at you.
Something tries to feed on your intellect!
The orc high priest completely misses you.
The smoke demon completely misses you. The smoke demon hits you.
* * * LOW HITPOINT WARNING * * *
The smoke demon completely misses you. The sun demon closely misses you.
The orc priest hits you with a +0 hand axe.
* * * LOW HITPOINT WARNING * * *
You bite the orc priest!
The orc priest is poisoned.
You are engulfed in a cloud of scalding steam.
* * * LOW HITPOINT WARNING * * *
The neqoxec completely misses you. The smoke demon misses you.
The smoke demon completely misses you. The smoke demon hits you.
* * * LOW HITPOINT WARNING * * *
The sun demon completely misses you.
The orc high priest completely misses you.
The orc priest completely misses you.
Unknown command.
As you read the scroll labeled IRAOTEKU KETUSH, it crumbles to dust.
It is a scroll of enchant armour.
Your +0 steam dragon scales glow green for a moment.
You are engulfed in a cloud of scalding steam.
* * * LOW HITPOINT WARNING * * *
The neqoxec gestures.
The sun demon misses you. The smoke demon gestures at you. Beogh smites you!
You die...

o. #..oo.#.##...##.##.. .. ...
......#.##...#...# ...
o...#####ooooo.#.##...#)..# ....
...........oo.##.##...#.(.#.....
.............##..##...#...#.....
####...######...#...[##<##.....
.......).[.....[#...............
.........)[[..o#o[..............
#########..$#.#s3<).)...........
#......335...##.........
##.##.#[.#5###..........
############.#......... ###
#............
##.#####........#..
#...##...........#.
##.#..)............
##......).........#.


You could see an orc high priest, a sun demon, a smoke demon, a neqoxec, an orc
priest and 2 quasits.

Vanquished Creatures
  Erica (Orc:1)
  3 orc high priests (Orc:1)
  2 orc sorcerers
  9 deep elf magi
  A centaur zombie (D:10)
  A komodo dragon (D:8)
  A troll (Orc:2)
  3 hippogriffs
  A wyvern (D:10)
  5 yaks (D:10)
  A steam dragon (D:10)
  4 wargs
  A water moccasin (D:9)
  A sky beast (D:8)
  2 black bears (D:8)
  9 orc warriors
  An ice beast (D:9)
  3 ogres
  3 centaurs (D:6)
  The ghost of Ratty the Grave Robber, an amateur DENe (D:3)
  A big kobold (D:9)
  7 bullfrogs
  6 scorpions
  A water moccasin skeleton (D:8)
  4 killer bees (D:10)
  4 wights (D:5)
  2 howler monkeys
  4 crimson imps
  A quasit (D:10)
  4 hounds
  14 orc priests
  2 bullfrog zombies
  3 centaur skeletons
  18 orc wizards
  2 iguanas
  4 worker ants
  4 hound skeletons
  2 worker ant zombies
  7 gnolls
  12 adders
  A shadow imp (D:9)
  2 oozes
  2 adder zombies
  An adder skeleton (D:7)
  A worm (D:3)
  A dart slug (D:2)
  7 leopard geckos
  37 orcs
  6 ball pythons
  11 giant cockroaches
  3 goblins
  3 hobgoblins
  9 jackals
  A quokka (D:5)
  5 bats
  9 frilled lizards
  11 kobolds
  2 leopard gecko skeletons (D:4)
  2 quokka skeletons
  A quokka zombie (D:9)
  6 rats
276 creatures vanquished.

Vanquished Creatures (others)
  2 plants (D:9)
2 creatures vanquished.

Grand Total: 278 creatures vanquished

Notes
Turn   | Place    | Note
-------+----------+-------------------------------------------
     0 | D:1      | MalarOregon the Merfolk Transmuter began the quest for the
                  | Orb.
     0 | D:1      | Reached XP level 1. HP: 15/15 MP: 3/3
   236 | D:1      | Reached XP level 2. HP: 21/21 MP: 3/5
   641 | D:2      | Noticed a scorpion
   784 | D:2      | Reached skill level 3 in Dodging
  1072 | D:3      | Reached XP level 3. HP: 21/26 MP: 4/6
  1334 | D:3      | Learned a level 2 spell: Sticks to Snakes
  1338 | D:3      | Learned a level 3 spell: Spider Form
  1631 | D:3      | Reached XP level 4. HP: 32/32 MP: 7/7
  2030 | D:3      | Found a large runed door.
  2031 | D:3      | Found a large runed door.
  2033 | D:3      | Noticed Ratty's ghost (amateur DENe)
  2065 | D:3      | Reached XP level 5. HP: 33/38 MP: 3/8
  2439 | D:3      | Killed Ratty's ghost
  2439 | D:3      | Reached skill level 1 in Polearms
  2439 | D:3      | Reached XP level 6. HP: 33/45 MP: 10/10
  2671 | D:4      | Found a glowing drain.
  2812 | Sewer    | Entered a sewer
  2876 | Sewer    | Reached skill level 5 in Transmutations
  2997 | Sewer    | Reached skill level 4 in Dodging
  2997 | Sewer    | Reached skill level 5 in Unarmed Combat
  3262 | D:4      | Reached XP level 7. HP: 45/51 MP: 11/11
  3502 | D:4      | Found Qaywa's Gadget Shop.
  3779 | D:4      | Reached skill level 5 in Dodging
  4149 | D:5      | Entered Level 5 of the Dungeon
  4725 | D:5      | Reached XP level 8. HP: 54/58 MP: 9/12
  4793 | D:5      | Reached skill level 6 in Dodging
  5096 | D:5      | Found a staircase to the Ecumenical Temple.
  5698 | D:5      | Learned a level 4 spell: Ice Form
  5912 | D:6      | Noticed a hippogriff
  5926 | D:5      | Killed a hippogriff
  5926 | D:5      | Reached skill level 1 in Poison Magic
  6197 | D:6      | Reached skill level 1 in Ice Magic
  6205 | D:6      | Reached skill level 7 in Dodging
  6628 | D:6      | Reached skill level 5 in Polearms
  6629 | D:6      | Reached XP level 9. HP: 49/66 MP: 10/13
  7085 | D:7      | Found Neckella's Armour Boutique.
  7087 | D:7      | Bought a +2 robe of magic resistance for 283 gold pieces
  7258 | Temple   | Entered the Ecumenical Temple
  7953 | Temple   | Became a worshipper of Elyvilon the Healer
  8072 | D:7      | Found Faprapleq's Antique Armour Shop.
  8143 | D:7      | Reached skill level 8 in Dodging
  8509 | D:7      | Found Sokusoso's Antique Armour Shoppe.
  8516 | D:7      | Found Igafaur's Antique Weapon Emporium.
  8538 | D:7      | Found Ifufuw's Assorted Antiques.
  8548 | D:7      | Bought 2 sedimented white potions for 50 gold pieces
  8548 | D:7      | Bought a scroll labeled SEDOEC ORCHI for 28 gold pieces
  8548 | D:7      | Bought a scroll labeled ONUZEE YCEIGI for 28 gold pieces
  8548 | D:7      | Bought a ruby potion for 25 gold pieces
  8760 | D:8      | Found a glowing golden altar of the Shining One.
  8809 | D:8      | Reached * piety under Elyvilon
  8861 | D:8      | Reached skill level 5 in Fighting
  8935 | D:8      | Reached skill level 9 in Dodging
  9321 | D:9      | Found a staircase to the Lair.
  9321 | D:9      | Noticed a komodo dragon
  9354 | D:8      | Killed a komodo dragon
  9374 | D:9      | Reached XP level 10. HP: 75/75 MP: 14/14
  9398 | D:9      | Found an opulent altar of Gozag.
  9775 | D:9      | Reached ** piety under Elyvilon
 10145 | Lair:1   | Entered Level 1 of the Lair of Beasts
 10175 | Lair:1   | Got a crystal spear
 10176 | Lair:1   | Identified the +1 spear of Niwkobe {drain, rPois Str+2
                  | Dex-3} (You found it on level 1 of the Lair of Beasts)
 10189 | Lair:1   | Noticed a spiny frog
 10200 | Lair:1   | Noticed a spiny frog
 10205 | Lair:1   | Noticed a spiny frog
 10215 | Lair:1   | Noticed a spiny frog
 10453 | D:10     | Entered Level 10 of the Dungeon
 10547 | D:10     | Reached skill level 10 in Dodging
 10954 | D:10     | Reached skill level 10 in Unarmed Combat
 10955 | D:10     | Found a staircase to the Orcish Mines.
 11069 | D:10     | Reached *** piety under Elyvilon
 11302 | D:10     | Found Cabi's Assorted Antiques.
 11323 | D:10     | Bought a fuming cyan potion for 18 gold pieces
 11323 | D:10     | Bought a scroll labeled LOTHAE OKHLEIQA for 20 gold pieces
 11323 | D:10     | Bought a scroll labeled YZOBLA LOETEM for 20 gold pieces
 11323 | D:10     | Bought a scroll of teleportation for 60 gold pieces
 11323 | D:10     | Bought 2 smoky black potions for 36 gold pieces
 11323 | D:10     | Bought a wand of iceblast (5) for 80 gold pieces
 11347 | D:10     | Reached skill level 11 in Dodging
 11511 | D:11     | Noticed a two-headed ogre
 11511 | D:11     | Noticed a purple ugly thing
 11528 | Orc:1    | Entered Level 1 of the Orcish Mines
 11659 | Orc:1    | Noticed Erica
 11665 | Orc:1    | Reached skill level 5 in Ice Magic
 11680 | Orc:1    | Killed Erica
 11680 | Orc:1    | Reached XP level 11. HP: 65/83 MP: 13/15
 11746 | Orc:1    | Noticed an orc sorcerer
 11750 | Orc:1    | Paralysed by an orc sorcerer for 3 turns
 11760 | Orc:1    | Killed an orc sorcerer
 11898 | Orc:2    | Entered Level 2 of the Orcish Mines
 11899 | Orc:2    | Noticed a deep elf mage
 11899 | Orc:2    | Noticed a deep elf mage
 11906 | Orc:2    | Noticed a deep elf mage
 11907 | Orc:2    | Noticed a deep elf mage
 11908 | Orc:2    | Noticed a deep elf mage
 11910 | Orc:2    | Noticed a deep elf mage
 11915 | Orc:2    | Killed a deep elf mage
 11916 | Orc:2    | Noticed a deep elf mage
 11918 | Orc:2    | Noticed a deep elf mage
 11932 | Orc:1    | Killed a deep elf mage
 11932 | Orc:1    | Was placed under penance by Elyvilon
 11932 | Orc:1    | Reached skill level 5 in Poison Magic
 12276 | Orc:1    | Killed a deep elf mage
 12315 | Orc:2    | Noticed a deep elf mage
 12332 | Orc:1    | Killed a deep elf mage
 12332 | Orc:1    | Reached skill level 12 in Dodging
 12332 | Orc:1    | Killed a deep elf mage
 12361 | Orc:2    | Killed a deep elf mage
 12371 | Orc:1    | Elyvilon protects you from harm!
 12374 | Orc:1    | Killed a deep elf mage
 12377 | Orc:1    | Killed a deep elf mage
 12672 | Orc:2    | Killed a deep elf mage
 12942 | Orc:2    | Found a roughly hewn altar of Beogh.
 12991 | Orc:2    | Found a staircase to the Elven Halls.
 13174 | Orc:2    | Was forgiven by Elyvilon
 13259 | Orc:1    | Reached skill level 10 in Polearms
 13405 | Orc:1    | Learned a level 5 spell: Blade Hands
 13421 | Orc:2    | Reached skill level 13 in Dodging
 13436 | Orc:2    | Noticed an orc high priest
 13442 | Orc:2    | Noticed a sun demon
 13545 | Orc:2    | Noticed a sixfirhy
 13559 | Orc:1    | Killed an orc high priest
 13578 | Orc:2    | Noticed an orc high priest
 13721 | Orc:1    | Killed an orc high priest
 13721 | Orc:1    | Reached XP level 12. HP: 34/93 MP: 14/16
 13986 | Orc:2    | Noticed an orc high priest
 14205 | Orc:1    | Killed an orc high priest
 14205 | Orc:1    | Reached skill level 14 in Dodging
 14493 | Orc:2    | Paralysed by an orc sorcerer for 7 turns
 14502 | Orc:2    | Noticed an orc high priest
 14592 | Orc:2    | Noticed a sun demon
 14602 | Orc:2    | Killed from afar by a smoke demon

Vault maps used:
D:1:      dpeg_arrival_arbitrary_c, kennysheep_decorative_pillar
D:3:      first_ration, ebering_ghost_disaster_area, minmay_misc_feat_x
D:4:      gup_sewer_entry_pipe, serial_shops, shop_fountains
D:5:      cheibrodos_helix_gallery, minmay_temple_entry_butterflies
D:6:      minmay_microvault
D:7:      serial_shops, shop, nicolae_shop_statue_plus, shop, shop,
          nicolae_shop_overgrown_old_shop
D:8:      basic_altar, serial_corexii_hall, corexii_hall_statues_x,
          chequers_hall_statues_wall_a
D:9:      grunt_gozag_statues, david_lair_shrubbed
D:10:     minmay_orc_entry_guard_dogs, serial_shops, shop
D:11:     serial_shops, shop_fountains, gammafunk_ghost_mausoleum
Temple:   nicolae_temple_the_god_donut
Lair:1:   dpeg_oklob_gauntlet, beast_lair_carwin_8, lemuel_fruit_tree
Orc:1:    uniq_sonja, uniq_erica
Orc:2:    st_orc_mages, enter_volcano_4, serial_shops,
          nicolae_shop_temple_entry_statues_fountains, basic_altar,
          elves_outpost_lemuel
Sewer:    sewer_frog_island_01

Skill      XL: |  1  2  3  4  5  6  7  8  9 10 11 12 |
---------------+-------------------------------------+-----
Transmutations | 3 4 5 6 7 |  7.0
Dodging        | 3 4 5 7 9 11 13 14 | 14.5
Unarmed Combat | 4 5 6 7 8 10 12 | 12.0
Fighting       | 2 3 4 5 6 8 |  8.6
Polearms       | 1 2 3 5 6 8 10 | 10.7
Spellcasting   | 3 |  3.0
Poison Magic   | 2 3 4 5 |  5.0
Ice Magic      | 1 3 5 |  5.0

Action                   |  1- 3 |  4- 6 |  7- 9 | 10-12 || total
-------------------------+-------+-------+-------+-------++-------
Melee: Unarmed           |   117 |   163 |   417 |   460 ||  1157
       Headbutt          |     8 |     4 |    24 |     3 ||    39
       Punch             |     2 |     3 |    10 |    13 ||    28
       Tailslap          |       |     7 |     2 |       ||     9
       Spear             |       |       |    90 |    51 ||   141
 Cast: Beastly Appendage |    21 |     5 |    12 |     2 ||    40
       Spider Form       |     3 |     6 |    32 |    31 ||    72
       Sticks to Snakes  |       |       |     1 |       ||     1
Invok: Divine Protection |       |       |       |     2 ||     2
       Lesser Healing    |       |       |       |     2 ||     2
  Use: Potion            |       |       |     3 |     1 ||     4
       Scroll            |       |       |       |     5 ||     5
 Stab: Sleeping          |       |     1 |     4 |     1 ||     6
       Distracted        |       |       |       |     1 ||     1
  Eat: Chunk             |     3 |     7 |    23 |    14 ||    47
       Ration            |       |       |       |     2 ||     2
Armor: Robe              |     8 |    25 |    25 |    36 ||    94
       Skin              |     1 |     1 |     3 |     7 ||    12
       Steam dragon scal |       |       |       |     3 ||     3
Dodge: Dodged            |   107 |   133 |   393 |   580 ||  1213

Table legend:
 A = Non-vault XP
 B = Vault XP
 C = Vault XP percentage of total XP
 D = Non-vault monster count
 E = Vault monster count
 F = Vault count percentage of total count
                 A         B        C        D         E       F
            +---------+---------+-------+---------+---------+-------
      Total |    8703 |   12100 |  58.2 |     204 |      72 |  26.1
            +---------+---------+-------+---------+---------+-------
        D:1 |      18 |       0 |   0.0 |      13 |       0 |   0.0
        D:2 |      84 |       0 |   0.0 |       9 |       0 |   0.0
        D:3 |     140 |      96 |  40.7 |      23 |       1 |   4.2
        D:4 |     410 |      13 |   3.1 |      21 |       6 |  22.2
        D:5 |     604 |     300 |  33.2 |      25 |       3 |  10.7
        D:6 |     672 |       0 |   0.0 |      15 |       0 |   0.0
        D:7 |     331 |       0 |   0.0 |      13 |       0 |   0.0
        D:8 |    1360 |     367 |  21.3 |      17 |       1 |   5.6
        D:9 |     629 |       0 |   0.0 |      22 |       0 |   0.0
       D:10 |    2802 |     488 |  14.8 |      28 |       3 |   9.7
      Orc:1 |     750 |    7148 |  90.5 |       3 |      13 |  81.2
      Orc:2 |     903 |    3452 |  79.3 |      15 |      27 |  64.3
      Sewer |       0 |     236 | 100.0 |       0 |      18 | 100.0
            +---------+---------+-------+---------+---------+-------
